 Dungeon Crawl Stone Soup version 0.29.1-1-gd02db6906a (webtiles) character file.

Game seed: 15055162354232161638

142 LabCoat the Chopper (level 5, -1/47 HPs)
             Began as a Hill Orc Fighter on Sept 16, 2022.
             Succumbed to Crazy Yiuf's poison
             ... on level 3 of the Dungeon.
             The game lasted 00:05:00 (2723 turns).

LabCoat the Chopper (Hill Orc Fighter)              Turns: 2723, Time: 00:05:00

Health: -1/47      AC: 11    Str: 21    XL:     5   Next: 24%
Magic:  5/5        EV:  5    Int:  8    God:
Gold:   177        SH:  9    Dex: 10    Spells: 4/4 levels left

rFire   . . .      SeeInvis .   a - +0 war axe
rCold   . . .      Faith    .   c - +0 buckler
rNeg    . . .      Spirit   .   p - +0 plate armour
rPois   .          Reflect  +   (no helmet)
rElec   .          Harm     .   (no cloak)
rCorr   .          Rampage  .   (no gloves)
Will    .....                   (no boots)
Stlth   ..........              h - amulet of reflection
HPRegen 0.15/turn               (no ring)
MPRegen 0.09/turn               (no ring)

@: mighty, lethally poisoned (-1 -> -10)
A: no striking features
a: no special abilities


You were on level 3 of the Dungeon.
You visited 1 branch of the dungeon, and saw 3 of its levels.

You collected 177 gold pieces.

Inventory:

Hand Weapons
 a - a +0 war axe (weapon)
 n - a +0 flail
Armour
 c - a +0 buckler (worn)
 p - a +0 plate armour (worn)
Jewellery
 h - an amulet of reflection (around neck)
 i - an amulet of the acrobat
 k - a ring of see invisible
Wands
 m - a wand of flame (21)
Scrolls
 j - 3 scrolls of teleportation
 o - 2 scrolls of amnesia
Potions
 e - 3 potions of resistance
 g - 3 potions of magic
 l - a potion of flight {unknown}


   Skills:
 + Level 4.4 Fighting
 * Level 4.9 Axes
 + Level 4.0 Armour
 + Level 4.0 Shields


You had 4 spell levels left.
You didn't know any spells.
Your spell library was empty.

Dungeon Overview and Level Annotations

Branches:
Dungeon (3/15)

Altars:


Message History

You feel very sick.
Crazy Yiuf hits you with a +3 quarterstaff of chaos.
* * * LOW HITPOINT WARNING * * *
Crazy Yiuf burns you.
* * * LOW HITPOINT WARNING * * *
You feel better.
Crazy Yiuf says, "Lugonu cower seventy!"
You block Crazy Yiuf's attack.
You barely miss Crazy Yiuf.
Crazy Yiuf hits you with a +3 quarterstaff of chaos.
* * * LOW HITPOINT WARNING * * *
Crazy Yiuf screams, "Action blue meccalolo!"
Crazy Yiuf barely misses you.
You slash Crazy Yiuf!
Crazy Yiuf is heavily wounded.
You block Crazy Yiuf's attack.
You completely miss Crazy Yiuf.
Crazy Yiuf is heavily wounded.
Crazy Yiuf says, "Ghoul disdain bush!"
Crazy Yiuf hits you with a +3 quarterstaff of chaos.
* * * LOW HITPOINT WARNING * * *
You feel mightier all of a sudden.
You barely miss Crazy Yiuf.
Crazy Yiuf is heavily wounded.
Crazy Yiuf hits you but does no damage.
You hit Crazy Yiuf.
Crazy Yiuf is severely wounded.
You block Crazy Yiuf's attack.
You barely miss Crazy Yiuf.
Crazy Yiuf is severely wounded.
Crazy Yiuf hits you with a +3 quarterstaff of chaos.
* * * LOW HITPOINT WARNING * * *
You are poisoned.
Crazy Yiuf hits you with a +3 quarterstaff of chaos.
* * * LOW HITPOINT WARNING * * *
Crazy Yiuf freezes you.
* * * LOW HITPOINT WARNING * * *
You slash Crazy Yiuf!
You kill Crazy Yiuf!
You die...

...........####....###...........
.#.#######. #....# ###.########
##.# . #P.P.# #.# ## ##.# ##P..#
#.#######. ##.# ##.## #.#.......
##.# ##.# #.#....).. ##.# #.##
#.#....... ##.# ##.# ###.#.......
#### #@## #...#....... .# ### #)#
###.#....... .## ##.### ...
#......... ..# #....# #...#
###....... #.#####....# #)..#
##.[..... [..........# #####
#.######. .##..##....# #.# #.
.###.##....# #.# ###. .#
#.###.### #.# #...


There were no monsters in sight!

Vanquished Creatures
  Crazy Yiuf (D:3)
  Jessica (D:2)
  3 gnolls (D:3)
  An adder (D:2)
  An ufetubus (D:2)
  3 worms
  4 dart slugs
  An orc (D:3)
  7 ball pythons (D:1)
  3 endoplasms
  4 giant cockroaches
  5 goblins
  4 hobgoblins
  A quokka (D:2)
  3 bats
  3 frilled lizards
  7 kobolds
  9 rats
61 creatures vanquished.

Notes
Turn   | Place    | Note
-------+----------+-------------------------------------------
     0 | D:1      | LabCoat the Hill Orc Fighter began the quest for the Orb.
     0 | D:1      | Reached XP level 1. HP: 19/19 MP: 1/1
   175 | D:1      | Reached XP level 2. HP: 23/27 MP: 2/2
   652 | D:1      | Reached XP level 3. HP: 26/33 MP: 3/3
  1431 | D:2      | Noticed Jessica
  1439 | D:2      | Killed Jessica
  1440 | D:2      | Reached XP level 4. HP: 35/40 MP: 4/4
  2087 | D:3      | Reached XP level 5. HP: 37/47 MP: 5/5
  2164 | D:3      | Found a faded altar of an unknown god.
  2164 | D:3      | Noticed an Ice Fiend
  2705 | D:3      | Found a runed translucent door.
  2706 | D:3      | Noticed Crazy Yiuf
  2722 | D:3      | HP: 2/47 [Crazy Yiuf/+3 quarterstaff of chaos (3)]
  2723 | D:3      | Killed Crazy Yiuf
  2723 | D:3      | Succumbed to Crazy Yiuf's poison

Illustrated notes

Levels and vault maps discovered:
D:1:      lemuel_arrival_broad_hall, layout_basic, minmay_cupped
D:2:      layout_rooms, feat_on_display, uniq_jessica
D:3:      layout_basic, dreamdust_ecumenical_altar_sealed_demon,
          nicolae_kite_square_tiling_tiny, grunt_decor_mini_mirrors,
          uniq_crazy_yiuf_cottage

Skill      XL: |  1  2  3  4 |
---------------+-------------+-----
Axes           | 3 4 |  4.9
Fighting       | 4 |  4.4
Shields        | 4 |  4.0
Armour         | 4 |  4.0

Action                   |  1- 3 |  4- 6 || total
-------------------------+-------+-------++-------
Melee: War axe           |   101 |    70 ||   171
  Use: Scroll            |     7 |     2 ||     9
       Potion            |       |     3 ||     3
Armor: Scale mail        |    57 |    15 ||    72
       Plate armour      |       |     3 ||     3
Dodge: Dodged            |    63 |    13 ||    76
Block: Buckler           |    26 |    25 ||    51
